 Dungeon Crawl Stone Soup version 0.10.0-14-ga75c42d character file.

3690 xnavy the Gouger (level 9, -5/33 HPs)
             Began as a Felid Chaos Knight on Mar 5, 2012.
             Was a Plaything of Xom.
             Slain by a staircase mimic (8 damage)
             ... on Level 11 of the Dungeon on Mar 6, 2012.
             The game lasted 02:32:36 (14504 turns).

xnavy the Gouger (Felid Chaos Knight)              Turns: 14504, Time: 02:32:47

HP  -5/33        AC  2     Str  8      XL: 9   Next: 67%
MP  11/21        EV 21     Int 13      God: Xom
Gold 482         SH  0     Dex 22      Spells:  3 memorised,  9 levels left
Lives: 0, deaths: 2

Res.Fire  : . . .   See Invis. : +     - Unarmed
Res.Cold  : . . .   Warding    : . . (armour unavailable)
Life Prot.: . . .   Conserve   : .   (shield unavailable)
Res.Acid. : . . .   Res.Corr.  : .   (helmet unavailable)
Res.Poison: .       Clarity    : +   (cloak unavailable)
Res.Elec. : .       Spirit.Shd : .   (gloves unavailable)
Sust.Abil.: . .     Stasis     : .   (boots unavailable)
Res.Mut.  : .       Ctrl.Telep.: .   n - amulet of clarity {god gift}
Res.Rott. : .       Levitation : .   C - ring of wizardry
Saprovore : . . .   Ctrl.Flight: .   w - +3 ring of dexterity

@: quick, quite resistant to hostile enchantments, fairly stealthy
A: paw claws, no armour, no advanced items, fangs 3, horns 1, see invisible,
carnivore 3, speed 1, -10% hp, magic resistance 1, mutation resistance 1, slow
metabolism 2, AC +2
a: Renounce Religion


You were on level 11 of the Dungeon.
You worshipped Xom.
You were a plaything of Xom.
You were not hungry.

You visited 2 branches of the dungeon, and saw 13 of its levels.

You collected 462 gold pieces.


Innate Abilities, Weirdness & Mutations

You cannot wear armour.
You are incapable of any advanced item manipulation.
Your paws have sharp claws.
You have razor-sharp teeth.
You have supernaturally acute eyesight.
You are carnivorous and can eat meat at any time.
You cover ground quickly.
You are covered in thick fur (AC +2).
You have a slow metabolism.
You have a pair of small horns on your head.
You are frail (-10% HP).
You are resistant to hostile enchantments.
You are somewhat resistant to further mutation.


   Skills:
 - Level 3,0 Fighting
 - Level 4,2 Dodging
 * Level 9,8 Unarmed Combat
 - Level 4,4 Spellcasting
 - Level 6,1 Summonings
 * Level 3,5 Ice Magic


You had 9 spell levels left.
You knew the following spells:

 Your Spells              Type           Power        Failure   Level  Hunger
x - Call Imp              Summ           ####......   1%          2    Strawberry
y - Summon Ice Beast      Ice/Summ       ####......   13%         4    Honeycomb
z - Summon Small Mammals  Summ           ####.        1%          1    None

Inventory:

Hand weapons
 j - a +0,+2 dagger of freezing
 t - a -1,+1 orcish flail
 x - a -1,+0 orcish dagger
 y - a +2,+1 orcish flail of protection
Missiles
 d - 5 curare-tipped +0 needles
 f - a silver +0 dart
 g - 6 +2 needles of sleeping
 k - 2 +0 darts of frost
Magical devices
 B - a wand of draining (14) {unknown}
Comestibles
 l - 2 meat rations
Scrolls
 b - a scroll of detect curse
 i - 3 scrolls of remove curse {unknown}
 o - a scroll of curse armour {unknown}
 r - a scroll of identify
 z - 2 scrolls of teleportation
Jewellery
 n - an amulet of clarity (around neck) {god gift}
 w - a +3 ring of dexterity (left paw)
 C - a ring of wizardry (right paw)
 G - an uncursed amulet of faith {!P}
Potions
 a - a potion of slowing {!q}
 e - a potion of might
 m - a potion of restore abilities
 u - a potion of mutation {!q}
 v - a potion of brilliance
 D - a potion of invisibility
 E - a potion of resistance
Books
 p - a book of Hinderance

   Spells                             Type                      Level
   Confusing Touch                    Hexes                        1
   Slow                               Hexes                        2
   Confuse                            Hexes                        3
   Petrify                            Transmutation/Earth          4
   Leda's Liquefaction                Transmutation/Earth          4
   Metabolic Englaciation             Hexes/Ice                    6
 q - a book of Callings

   Spells                             Type                      Level
   *Summon Small Mammals              Summoning                    1
   *Call Imp                          Summoning                    2
   Call Canine Familiar               Summoning                    3
   Summon Scorpions                   Summoning/Poison             4
   *Summon Ice Beast                  Ice/Summoning                4
Carrion
 c - an iguana corpse

▒·····················░··▒▒···▒
▒····························▒▒
▒▒·················▒·········▒▒
▒········)·······▒▒▒··········
▒·········)·······▒···········
▒▒·····················░·······
▒··············zZ·······)······
▒···^··········Z···············
▒▒·················
▒······················)·······
▒▒···░·························
▒·····)························
▒·····)························
▒▒···<·························
▒▒····························)
▒······························


You could see a staircase mimic, a friendly crocodile zombie, a friendly yak
zombie, a friendly crimson imp, friendly 2 jackal zombies and a friendly worker
ant zombie.


Message History

You see here 2 potions of confusion {!q}. "You need some minor improvements, mortal!"
Your body is suffused with distortional energy.
You feel resistant to hostile enchantments.
You feel stupid.
You feel frail.
You are now a plaything of Xom.
A beastly little devil appears in a puff of flame.
A beastly little devil appears in a puff of flame.
A beastly little devil appears in a puff of frigid air.
A beastly little devil appears in a puff of flame.
You climb downwards.
Your mindless thralls stay behind.
There is a stone staircase leading up here.
Drop what? (_ for help) (? for menu, Esc to quit)
Okay, then.
The killer bee stings your crimson imp.
Your crimson imp blinks!
Your crimson imp misses the killer bee.
The killer bee stings your crimson imp.
The staircase mimic hits your crimson imp.
The killer bee stings your crimson imp.
Your crimson imp dies!
A metallic apparition takes form in the air.
The staircase mimic hits you. The staircase mimic hits you!
* * * LOW HITPOINT WARNING * * *
The staircase mimic hits you.
* * * LOW HITPOINT WARNING * * *
You climb upwards.
The staircase mimic hits you!
* * * LOW HITPOINT WARNING * * *
The staircase mimic hits you!
You die...
Xom roars with laughter!
Spells cast | 1- 3 | 4- 6 | 7- 9 || total -------------------------+-------+-------+-------++------- Summon Small Mammals | | 165 | 23 || 188 Call Imp | | 13 | 241 || 254

Vault maps used:
D:1:      normal: minmay_entry_stone_box
D:2:      normal: lemuel_zombie_altar_kikubaaqudgha, fedhas_altar_2,
          uniq_sigmund
D:4:      normal: general_overflow_altar, overflow_temple_1_default
D:5:      normal: lemuel_temple_firewalk_marked, uniq_prince_ribbit1,
          uniq_edmund extra: first_bread
D:6:      normal: dangerous_book, uniq_pikel extra: serial_shops, shop
D:8:      normal: dpeg_oklobed_lair
D:9:      normal: lemuel_ice_statue, overflow_temple_1_default,
          overflow_temple_1_default, glass_columns_a, glass_columns_b,
          item_on_display_a, feat_on_display, feat_on_display extra:
          serial_glass, minmay_strange_pillars
D:10:     normal: enter_trove_2, minmay_orc_entry_guard_dogs extra: basic_altar
Temple:   normal: jpeg_temple_alley_garden_8

Notes
Turn   | Place    | Note
--------------------------------------------------------------
     0 | D:1      | xnavy, the Felid Chaos Knight, began the quest for the Orb.
     0 | D:1      | Reached XP level 1. HP: 9/9 MP: 2/2
   190 | D:1      | Reached skill level 3 in Fighting
   217 | D:1      | Reached XP level 2. HP: 13/13 MP: 3/3
   390 | D:1      | Reached skill level 3 in Unarmed Combat
   448 | D:1      | XOM: miscast effect
   512 | D:1      | XOM is BORED!
   512 | D:1      | XOM: stat loss: -1 Str (7/8)
  1116 | D:1      | XOM: miscast effect
  1117 | D:1      | Noticed a shadow
  1117 | D:1      | Noticed a shadow
  1268 | D:1      | Noticed an orc
  1370 | D:2      | XOM: god gift: 35 gold pieces
  1375 | D:2      | Found a blossoming altar of Fedhas.
  1431 | D:2      | Reached skill level 4 in Unarmed Combat
  1431 | D:2      | Reached XP level 3. HP: 14/16 MP: 5/5
  1502 | D:2      | XOM: miscast effect
  1762 | D:3      | XOM: torment (5/16 hp)
  2043 | D:3      | XOM: torment (9/16 hp)
  2204 | D:3      | Learned a level 1 spell: Summon Small Mammals
  2482 | D:3      | XOM: 2-stop teleportation journey
  2676 | D:3      | XOM: give mutations
  2676 | D:3      | Gained mutation: You are somewhat resistant to further mutation.
  2676 | D:3      | Gained mutation: You possess an exceptional clarity of mind.
  2676 | D:3      | Gained mutation: Your muscles are strong (Str +1).
  2858 | D:2      | Reached XP level 4. HP: 15/20 MP: 7/7
  3010 | D:2      | Noticed a giant goldfish zombie
  3011 | D:2      | Noticed a rat zombie
  3014 | D:2      | Found an ancient bone altar of Kikubaaqudgha.
  3017 | D:2      | Killed a rat zombie
  3213 | D:3      | Reached skill level 1 in Summonings
  3385 | D:4      | Reached skill level 5 in Unarmed Combat
  3628 | D:4      | Reached skill level 1 in Spellcasting
  3771 | D:4      | Found a shattered altar of Ashenzari.
  3776 | D:4      | XOM: 5-stop teleportation journey
  3892 | D:4      | Reached XP level 5. HP: 11/23 MP: 9/9
  4107 | D:4      | Reached skill level 2 in Summonings
  4189 | D:4      | Found a snail-covered altar of Cheibriados.
  4266 | D:4      | XOM: cast spell 'Spider Form'
  4354 | D:4      | Killed from afar by an orc priest
  4355 | D:4      | Reached XP level 4. HP: -10/20 MP: 8/8
  4699 | D:5      | Entered Level 5 of the Dungeon
  4702 | D:5      | Noticed Prince Ribbit
  4712 | D:5      | XOM: confusion
  4951 | D:6      | Found a radiant altar of Vehumet.
  4990 | D:6      | Reached XP level 5. HP: 21/23 MP: 5/9
  5069 | D:5      | HP: 1/23 [hobgoblin (2)]
  5088 | D:5      | Found a staircase to the Ecumenical Temple.
  5098 | Temple   | Entered the Ecumenical Temple
  5273 | Temple   | XOM: god gift: 28 gold pieces
  5495 | Temple   | XOM: miscast effect
  5665 | D:5      | XOM: stat loss: -3 Dex (14/17)
  6127 | D:5      | XOM: stat loss: -3 Int (10/13)
  6175 | D:5      | Killed Prince Ribbit
  6575 | D:5      | XOM: summons friendly iron devil
  6579 | D:5      | Reached skill level 6 in Unarmed Combat
  6581 | D:5      | Reached skill level 3 in Summonings
  6581 | D:5      | Gained mutation: You are covered in thick fur (AC +2).
  6581 | D:5      | Reached XP level 6. HP: 25/27 MP: 0/12
  6608 | D:5      | Reached skill level 2 in Spellcasting
  6738 | D:5      | Noticed Edmund
  6759 | D:5      | Killed Edmund
  7095 | D:7      | XOM: 4-stop teleportation journey
  7107 | D:7      | Reached XP level 7. HP: 30/30 MP: 1/16
  7119 | D:7      | XOM: summons 12 friendly demons
  7186 | D:7      | XOM: god gift: scroll labeled NARUS UKHIA
  7418 | D:7      | XOM: 1-stop teleportation journey
  7426 | D:7      | Learned a level 2 spell: Call Imp
  7609 | D:7      | Reached skill level 7 in Unarmed Combat
  7612 | D:7      | Reached skill level 4 in Summonings
  7772 | D:7      | XOM: give mutations
  7772 | D:7      | Gained mutation: Your spells are a little harder to cast, but a little more powerful.
  7772 | D:7      | Gained mutation: Your mind is acute (Int +1).
  7772 | D:7      | Gained mutation: Your spells are harder to cast, but more powerful.
  7947 | D:7      | Reached skill level 3 in Spellcasting
  8212 | D:7      | Killed from afar by an orc wizard
  8213 | D:7      | Reached XP level 6. HP: -2/27 MP: 4/14
  8578 | D:8      | Reached XP level 7. HP: 27/30 MP: 1/17
  8871 | D:8      | Found a staircase to the Lair.
  8884 | D:8      | XOM: give mutation
  8884 | D:8      | Gained mutation: Your mind is acute (Int +2).
  9318 | D:8      | XOM: miscast effect
  9578 | D:9      | Found a bloodstained altar of Trog.
  9651 | D:9      | XOM: miscast effect
  9792 | D:9      | Reached skill level 5 in Summonings
  9907 | D:9      | Paralysed by a giant eyeball for 4 turns
  9916 | D:9      | Paralysed by a giant eyeball for 3 turns
  9950 | D:9      | Reached XP level 8. HP: 34/34 MP: 2/19
  9961 | D:9      | Reached skill level 8 in Unarmed Combat
 10291 | D:9      | XOM: 3-stop teleportation journey
 10312 | D:9      | Found a white marble altar of Elyvilon.
 10347 | D:10     | Entered Level 10 of the Dungeon
 10347 | D:10     | Found a staircase to the Orcish Mines.
 10412 | D:9      | XOM: miscast effect
 10512 | D:9      | XOM: give mutations
 10512 | D:9      | Lost mutation: Your mind is acute (Int +2).
 10512 | D:9      | Lost mutation: Your muscles are strong (Str +1).
 10512 | D:9      | Gained mutation: Space occasionally distorts in your vicinity.
 10512 | D:9      | Lost mutation: Your spells are harder to cast, but more powerful.
 10742 | D:10     | XOM: give mutations
 10742 | D:10     | Lost mutation: You possess an exceptional clarity of mind.
 10742 | D:10     | Lost mutation: Space occasionally distorts in your vicinity.
 10762 | D:10     | XOM: stat loss: -3 Dex (18/21)
 10842 | D:10     | XOM: miscast effect
 10932 | D:10     | Found a snail-covered altar of Cheibriados.
 11075 | D:10     | Reached skill level 4 in Spellcasting
 11097 | D:10     | XOM: polymorph crimson imp -> quasit
 11276 | D:10     | XOM: cast spell 'Statue Form'
 11549 | D:10     | XOM: sends permanent friendly ufetubus
 11753 | D:10     | XOM: torment (18/34 hp)
 12050 | D:10     | Reached skill level 6 in Summonings
 12050 | D:10     | Reached XP level 9. HP: 17/37 MP: 1/21
 12157 | D:10     | Learned a level 4 spell: Summon Ice Beast
 12225 | D:10     | XOM: god gift: tiny bone amulet {god gift}
 12407 | D:10     | Reached skill level 1 in Ice Magic
 12468 | D:10     | Reached skill level 9 in Unarmed Combat
 12631 | D:10     | Found a portal to a secret trove of treasure.
 12872 | D:11     | Reached skill level 2 in Ice Magic
 13315 | D:11     | Reached skill level 3 in Ice Magic
 13537 | D:11     | XOM: give mutations
 13537 | D:11     | Lost mutation: Your spells are a little harder to cast, but a little more powerful.
 13537 | D:11     | Gained mutation: You have a pair of small horns on your head.
 13942 | D:12     | XOM: summons 4 hostile demons
 13990 | D:12     | XOM: swap monsters
 14171 | D:11     | XOM: vitrification
 14488 | D:11     | XOM: give mutations
 14488 | D:11     | Gained mutation: You are resistant to hostile enchantments.
 14488 | D:11     | Lost mutation: Your mind is acute (Int +1).
 14488 | D:11     | Gained mutation: You are frail (-10% HP).
 14504 | D:11     | HP: 3/33 [staircase mimic (8)]
 14504 | D:11     | Slain by a staircase mimic

Vanquished Creatures
  Monster Symbol All '5'
  3 crimson imps
3 creatures vanquished. All 'a' 4 worker ants
4 creatures vanquished. All 'b' 14 bats
14 creatures vanquished. All 'c' 2 centaurs
2 creatures vanquished. All 'f' 3 toadstools
3 creatures vanquished. All 'F' A giant frog (D:9)
1 creature vanquished. All 'g' 11 hobgoblins 9 goblins
20 creatures vanquished. All 'h' 2 wargs A hound (D:7) 6 jackals
9 creatures vanquished. All 'J' 2 jellies 2 oozes
4 creatures vanquished. All 'K' 18 kobolds
18 creatures vanquished. All 'l' An iguana (D:5) 4 giant geckos 6 giant newts
11 creatures vanquished. All 'o' An orc warrior (D:8) 3 orc priests An orc wizard (D:4) 22 orcs
27 creatures vanquished. All 'p' A phantom (D:8)
1 creature vanquished. All 'r' 5 quokkas 12 rats
17 creatures vanquished. All 's' A scorpion (D:10) A giant centipede (D:10) A giant mite (D:3) 10 giant cockroaches
13 creatures vanquished. All 'S' 6 adders
6 creatures vanquished. All 'w' 3 worms
3 creatures vanquished. All 'Y' 2 ice beasts A sky beast (D:11)
3 creatures vanquished. All 'z' 2 basilisk skeletons 3 wights (D:9) A hound skeleton (D:6) An iguana zombie (D:9) A giant gecko zombie (D:11) 3 rat zombies
11 creatures vanquished.
170 creatures vanquished. Monster Nature Natural Monsters An orc warrior (D:8) 2 centaurs 2 ice beasts A sky beast (D:11) 2 wargs A giant frog (D:9) 3 orc priests An orc wizard (D:4) A hound (D:7) An iguana (D:5) A scorpion (D:10) 4 worker ants 2 jellies A giant centipede (D:10) 6 adders A giant mite (D:3) 3 worms 4 giant geckos 2 oozes 22 orcs 10 giant cockroaches 11 hobgoblins 6 jackals 18 kobolds 14 bats 6 giant newts 9 goblins 5 quokkas 12 rats
152 creatures vanquished. Undead Monsters A phantom (D:8) 2 basilisk skeletons 3 wights (D:9) A hound skeleton (D:6) An iguana zombie (D:9) A giant gecko zombie (D:11) 3 rat zombies
12 creatures vanquished. Demonic Monsters 3 crimson imps
3 creatures vanquished. Plants 3 toadstools
3 creatures vanquished.
170 creatures vanquished. Ascending Order An orc warrior (D:8) A phantom (D:8) A sky beast (D:11) A giant frog (D:9) An orc wizard (D:4) A hound skeleton (D:6) A hound (D:7) A scorpion (D:10) An iguana (D:5) A giant centipede (D:10) An iguana zombie (D:9) A giant mite (D:3) A giant gecko zombie (D:11) 2 centaurs 2 ice beasts 2 wargs 2 basilisk skeletons 2 jellies 2 oozes 3 wights (D:9) 3 crimson imps 3 orc priests 3 worms 3 rat zombies 3 toadstools 4 worker ants 4 giant geckos 5 quokkas 6 adders 6 jackals 6 giant newts 9 goblins 10 giant cockroaches 11 hobgoblins 12 rats 14 bats 18 kobolds 22 orcs
170 creatures vanquished. ----------------------------------------

Vanquished Creatures (collateral kills)
  Monster Symbol All '@' Edmund (D:5)
1 creature vanquished. All '5' 4 crimson imps
4 creatures vanquished. All 'b' 2 bats
2 creatures vanquished. All 'B' A goliath beetle (D:9)
1 creature vanquished. All 'c' 2 centaurs
2 creatures vanquished. All 'C' A hill giant (D:10)
1 creature vanquished. All 'F' A giant frog (D:10)
1 creature vanquished. All 'g' A gnoll shaman (D:7) 3 gnolls (D:7) A hobgoblin (D:5) A goblin (D:11)
6 creatures vanquished. All 'G' A giant eyeball (D:9)
1 creature vanquished. All 'h' 2 jackals (D:11)
2 creatures vanquished. All 'H' A manticore (D:10)
1 creature vanquished. All 'J' 2 jellies
2 creatures vanquished. All 'k' 4 killer bees
4 creatures vanquished. All 'K' 2 kobolds
2 creatures vanquished. All 'l' 2 iguanas
2 creatures vanquished. All 'o' 3 orc priests An orc wizard (D:7) 18 orcs
22 creatures vanquished. All 'O' 4 ogres
4 creatures vanquished. All 'Q' 2 hippogriffs
2 creatures vanquished. All 's' A trapdoor spider (D:10) A scorpion (D:5)
2 creatures vanquished. All 'S' 4 adders
4 creatures vanquished. All 't' A crocodile (D:11)
1 creature vanquished. All 'w' A worm (D:7)
1 creature vanquished. All 'Y' 6 yaks (D:11) 2 sky beasts
8 creatures vanquished. All 'z' A water moccasin skeleton (D:7) A wight (D:9) A scorpion zombie (D:9)
3 creatures vanquished.
79 creatures vanquished. Monster Nature Uniques Edmund (D:5)
1 creature vanquished. Natural Monsters A hill giant (D:10) A trapdoor spider (D:10) 6 yaks (D:11) 2 hippogriffs A manticore (D:10) 2 sky beasts 4 ogres 2 centaurs A crocodile (D:11) A giant frog (D:10) 4 killer bees A goliath beetle (D:9) A scorpion (D:5) 3 orc priests A gnoll shaman (D:7) 2 iguanas An orc wizard (D:7) 2 jellies 4 adders 3 gnolls (D:7) A worm (D:7) A giant eyeball (D:9) 18 orcs A hobgoblin (D:5) 2 jackals (D:11) 2 kobolds 2 bats A goblin (D:11)
71 creatures vanquished. Undead Monsters A water moccasin skeleton (D:7) A wight (D:9) A scorpion zombie (D:9)
3 creatures vanquished. Demonic Monsters 4 crimson imps
4 creatures vanquished.
79 creatures vanquished. Ascending Order A hill giant (D:10) A trapdoor spider (D:10) Edmund (D:5) A manticore (D:10) A crocodile (D:11) A giant frog (D:10) A water moccasin skeleton (D:7) A wight (D:9) A goliath beetle (D:9) A scorpion (D:5) A gnoll shaman (D:7) An orc wizard (D:7) A scorpion zombie (D:9) A worm (D:7) A giant eyeball (D:9) A hobgoblin (D:5) A goblin (D:11) 2 hippogriffs 2 sky beasts 2 centaurs 2 iguanas 2 jellies 2 jackals (D:11) 2 kobolds 2 bats 3 orc priests 3 gnolls (D:7) 4 ogres 4 killer bees 4 crimson imps 4 adders 6 yaks (D:11) 18 orcs
79 creatures vanquished. ----------------------------------------

Vanquished Creatures (others)
  Monster Symbol All '5'
  29 crimson imps
  An iron imp (D:12)
  7 shadow imps
  22 white imps
  An ufetubus (D:10)
60 creatures vanquished. All 'a' A worker ant (D:5)
1 creature vanquished. All 'b' 45 bats
45 creatures vanquished. All 'f' 8 toadstools
8 creatures vanquished. All 'F' Prince Ribbit (D:5)
1 creature vanquished. All 'o' An orc priest (D:9) 2 orcs (D:9)
3 creatures vanquished. All 'r' 37 rats
37 creatures vanquished. All 'z' An adder zombie (D:11) A bat zombie (D:9) A giant cockroach zombie (D:9) A goblin skeleton (D:7) 2 kobold zombies (D:10) 4 orc zombies
10 creatures vanquished. All 'Z' A yak zombie (D:11)
1 creature vanquished.
166 creatures vanquished. Monster Nature Uniques Prince Ribbit (D:5)
1 creature vanquished. Natural Monsters An orc priest (D:9) A worker ant (D:5) 2 orcs (D:9) 45 bats 37 rats
86 creatures vanquished. Undead Monsters A yak zombie (D:11) An adder zombie (D:11) A bat zombie (D:9) A giant cockroach zombie (D:9) A goblin skeleton (D:7) 2 kobold zombies (D:10) 4 orc zombies
11 creatures vanquished. Demonic Monsters 29 crimson imps An iron imp (D:12) 7 shadow imps 22 white imps An ufetubus (D:10)
60 creatures vanquished. Plants 8 toadstools
8 creatures vanquished.
166 creatures vanquished. Ascending Order Prince Ribbit (D:5) A yak zombie (D:11) An iron imp (D:12) An orc priest (D:9) A worker ant (D:5) An adder zombie (D:11) An ufetubus (D:10) A bat zombie (D:9) A goblin skeleton (D:7) A giant cockroach zombie (D:9) 2 orcs (D:9) 2 kobold zombies (D:10) 4 orc zombies 7 shadow imps 8 toadstools 22 white imps 29 crimson imps 37 rats 45 bats
166 creatures vanquished. ----------------------------------------

Grand Total: 415 creatures vanquished
